 Dungeon Crawl Stone Soup version 0.30-b1-2-g02819fbbbe (webtiles) character file.

Game seed: 873924298955872569

149 LLlMATKO the Chopper (level 5, -2/70 HPs)
             Began as a Minotaur Berserker on Aug 10, 2023.
             Was a Believer of Trog.
             Slain by a wight
             ... wielding a +4 dagger
              (7 damage)
             ... on level 3 of the Dungeon.
             The game lasted 00:02:23 (2457 turns).

LLlMATKO the Chopper (Minotaur Berserker)           Turns: 2457, Time: 00:02:23

Health: -2/70      AC:  6    Str: 24    XL:     5   Next: 9%
Magic:  4/4        EV: 11    Int:  4    God:    Trog [**....]
Gold:   143        SH:  3    Dex:  9    Spells: 4/4 levels left

rFire   . . .        b - +3 hand axe of Flawed Execution {freeze, rElec Will+ Stlth+}
rCold   . . .        g - +0 buckler
rNeg    . . .        p - +0 ring mail
rPois   .            (helmet restricted)
rElec   +            (no cloak)
rCorr   .            (no gloves)
SInv    .            q - +0 pair of boots
Will    +....        (no amulet) Stlth
                     (no ring)
HPRegen 0.31/turn    (no ring)
MPRegen 0.09/turn

%: no passive effects
@: berserking, very quick
A: horns 2, retaliatory headbutt
a: Renounce Religion, Berserk, Trog's Hand


You were on level 3 of the Dungeon.
You worshipped Trog.
Trog was pleased with you.
You visited 1 branch of the dungeon, and saw 3 of its levels.

You collected 143 gold pieces.

Inventory:

Hand Weapons
 b - the +3 hand axe of Flawed Execution (weapon) {freeze, rElec Will+ Stlth+}
   (You found it on level 2 of the Dungeon)

   rElec:     It insulates you from electricity.
   Will:      It increases your willpower.
   Stlth:     It makes you more stealthy.
Missiles
 n - 10 poisoned darts (quivered)
 o - a throwing net
Armour
 g - a +0 buckler (worn)
 p - a +0 ring mail (worn)
 q - a +0 pair of boots (worn)
Scrolls
 c - 2 scrolls of fog {unknown}
 e - 5 scrolls of identify {unknown}
 f - a scroll of blinking {unknown}
 h - 2 scrolls of noise {unknown}
 i - 3 scrolls of teleportation {unknown}
 k - a scroll of enchant armour {unknown}
 m - a scroll of fear {unknown}
Potions
 a - a potion of lignification {unknown}
 d - a potion of might {unknown}
 j - a potion of attraction {unknown}
 l - a potion of degeneration {unknown}


   Skills:
 + Level 4.5 Fighting
 + Level 4.5 Axes
 + Level 3.6 Armour
 + Level 3.2 Dodging
 + Level 2.2 Shields


You had 4 spell levels left.
You didn't know any spells.
Your spell library was empty.

Dungeon Overview and Level Annotations

Branches:
Dungeon (3/15)

Altars:
Ashenzari
Gozag
Yredelemnul

Shops:
D:1 *?


Innate Abilities, Weirdness & Mutations

You have a pair of horns on your head.
You reflexively headbutt those who attack you in melee.


Message History

There are monsters nearby!
There are monsters nearby!
A wight comes into view. It is wielding a +0 mace.
The wight hits you with a +2 war axe.
There are monsters nearby!
You hit the wight.
The wight is moderately damaged.
The wight hits you with a +2 war axe!
There are monsters nearby!
You barely miss the wight.
You headbutt the wight, but do no damage.
The wight is moderately damaged.
The wight barely misses you.
You hit the wight but do no damage.
The wight is moderately damaged.
The wight barely misses you.
You hit the wight but do no damage. You headbutt the wight.
The wight is heavily damaged.
The wight hits you with a +2 war axe!
A red film seems to cover your vision as you go berserk!
You feel yourself moving faster!
You feel mighty! The wight hits you with a +2 war axe!
* * * LOW HITPOINT WARNING * * *
You feel drained.
* * * LOW HITPOINT WARNING * * *
You are too injured to fight recklessly!
You slash the wight!
You destroy the wight!
Trog accepts your kill.
Your life force feels restored.
Your Shields skill increases to level 2!
You have reached level 5!
You slash the wight!
The wight is heavily damaged.
The wight hits you with a +4 dagger!
* * * LOW HITPOINT WARNING * * *
You closely miss the wight.
The wight is heavily damaged.
The wight hits you with a +4 dagger!
You die...

###......... ..
.'......... ##.
#......... #$(
#.......# ...
##.....## #<# ##...##
#z# ##'## #z# #.# #@#
#.# #.# ##†##
#####.#### ##...##
#........# #.....##
#.###.##.####
##...... #.......#
##.#.##
####.##.#####.#.#
#.######.##.........#
#........########.###


You could see 2 wights.

Vanquished Creatures
  A wight (D:3)
  2 adders (D:2)
  2 worms
  3 orcs (D:3)
  5 ball pythons
  8 bats
  4 endoplasms
  A giant cockroach (D:1)
  10 goblins
  5 hobgoblins
  6 jackals
  4 kobolds
  3 quokkas (D:1)
  3 frilled lizards (D:1)
  3 rats
60 creatures vanquished.

Vanquished Creatures (others)
  2 plants (D:3)
2 creatures vanquished.

Grand Total: 62 creatures vanquished

Notes
Turn   | Place    | Note
-------+----------+-------------------------------------------
     0 | D:1      | LLlMATKO the Minotaur Berserker began the quest for the
                  | Orb.
     0 | D:1      | Reached XP level 1. HP: 19/19 MP: 0/0
   192 | D:1      | Reached XP level 2. HP: 27/27 MP: 1/1
   526 | D:1      | Found Xaitzal's Assorted Antiques.
   556 | D:1      | Reached XP level 3. HP: 28/33 MP: 2/2
   732 | D:1      | Reached skill level 1 in Shields
   940 | D:1      | Found Eker's Magic Scroll Shoppe.
  1296 | D:2      | Found a broken altar of Ashenzari.
  1552 | D:2      | Reached ** piety under Trog
  1577 | D:2      | Found a faded altar of an unknown god.
  1596 | D:2      | Identified the +3 hand axe of Flawed Execution {freeze,
                  | rElec Will+ Stlth+}
  1634 | D:2      | Reached XP level 4. HP: 37/40 MP: 3/3
  2201 | D:3      | Found a broken altar of Ashenzari.
  2201 | D:3      | Found a basalt altar of Yredelemnul.
  2201 | D:3      | Found an opulent altar of Gozag.
  2456 | D:3      | Reached XP level 5. HP: 13/47 MP: 4/4
  2457 | D:3      | Slain by a wight

Illustrated notes

Levels and vault maps discovered:
D:1:      lemuel_arrival_behind_the_door_small, layout_basic, serial_shops,
          nicolae_shop_tiny_real_fake_doors, shop
D:2:      layout_loops_ring, basic_ecumenical_altar, basic_altar
D:3:      corexii_shack_village, layout_loops_corners,
          gammafunk_temple_overflow_forgotten

Skill      XL: |  1  2  3  4 |
---------------+-------------+-----
Axes           | 4 |  4.5
Fighting       | 4 |  4.5
Armour         | 3 |  3.6
Shields        | 1 2 |  2.2
Dodging        | 3 |  3.2

Action                     |  1- 3 |  4- 6 || total
---------------------------+-------+-------++-------
  Melee: Hand axe          |    72 |    34 ||   106
         Headbutt          |    11 |     6 ||    17
 Invoke: Berserk           |     1 |     1 ||     2
   Stab: Sleeping          |     1 |     1 ||     2
 Armour: Animal skin       |    17 |       ||    17
         Ring mail         |     4 |     7 ||    11
  Dodge: Dodged            |    47 |    17 ||    64
  Block: Buckler           |     4 |     6 ||    10
